 Dungeon Crawl Stone Soup version 0.27.1 (webtiles) character file.

Game seed: 7813157865216722744

104304 speeev33 the Peltast (level 16, -16/152 HPs)
             Began as a Hill Orc Fighter on Sept 4, 2021.
             Was the Champion of Okawaru.
             Killed from afar by a starcursed mass (20 damage)
             ... with an accursed screaming
             ... while paralysed by accursed screaming
             ... on level 3 of the Abyss.
             The game lasted 00:59:03 (28091 turns).

speeev33 the Peltast (Hill Orc Fighter)            Turns: 28091, Time: 00:59:03

Health: -16/152    AC: 36    Str: 29    XL:     16   Next: 38%
Magic:  23/23      EV:  2    Int: 11    God:    Okawaru [******]
Gold:   2567       SH:  0    Dex: 10    Spells: 15/15 levels left

rFire    + . .     SeeInvis .   b - +6 war axe (drain)
rCold    . . .     Faith    .   H - +0 kite shield {rF+}
rNeg     . . .     Spirit   .   J - +12 plate armour of Claustrophobia {Int+3}
rPois    +         Reflect  +   P - +2 hat {Will+}
rElec    .         Harm     .   O - +1 cloak
rCorr    .         Rampage  .   T - +1 pair of gloves
Will     ++...                  p - +1 pair of boots
Stlth    ..........             l - amulet of reflection
HPRegen  0.35/turn              t - ring "Veshyixt" {rPois Str+3 Slay+4 Stlth-}
MPRegen  0.18/turn              D - +4 ring of slaying

@: paralysed
A: [subdued magic 2]
a: Renounce Religion, Heroism, Finesse


You were on level 3 of the Abyss.
You worshipped Okawaru.
Okawaru was exalted by your worship.
You visited 5 branches of the dungeon, and saw 22 of its levels.
You visited the Abyss 1 time.
You also visited: Sewer and Bailey.

You collected 2784 gold pieces.
You spent 217 gold pieces at shops.

Inventory:

Hand Weapons
 a - a +2 vorpal flail
 b - a +6 war axe of draining (weapon)
 G - a +0 broad axe
 Y - the +5 battleaxe "Ox" {elec, +Rage Fly}
   (Okawaru gifted it to you on level 6 of the Lair of Beasts)

   It occasionally discharges a powerful burst of electricity upon striking a
   foe.
   Fly:       It grants you flight.
   +Rage:     It lets you go berserk.
Missiles
 u - 2 throwing nets
 R - 4 atropa-tipped darts
Armour
 i - the +2 hat "Musme" {Str+7 Dex+6}
   (Okawaru gifted it to you on level 2 of the Orcish Mines)

   Str:       It affects your strength (+7).
   Dex:       It affects your dexterity (+6).
 p - a +1 pair of boots (worn)
 H - a +0 kite shield of fire resistance (worn)
 J - the +12 plate armour of Claustrophobia (worn) {Int+3}
   (Okawaru gifted it to you on level 11 of the Dungeon)

   Int:       It affects your intelligence (+3).
 O - a +1 cloak (worn)
 P - a +2 hat of willpower (worn)
 T - a +1 pair of gloves (worn)
Jewellery
 g - a ring of flight
 l - an amulet of reflection (around neck)
 t - the ring "Veshyixt" (left hand) {rPois Str+3 Slay+4 Stlth-}
   (You found it on level 6 of the Lair of Beasts)

   [ring of slaying]

   Str:       It affects your strength (+3).
   Slay:      It affects your accuracy & damage with ranged weapons and melee
   (+4).
   rPois:     It protects you from poison.
   Stlth:     It makes you less stealthy.
 D - a +4 ring of slaying (right hand)
 E - a +6 ring of strength
Wands
 c - a wand of polymorph (15)
 r - a wand of paralysis (26)
 w - a wand of iceblast (25) (quivered)
 x - a wand of flame (71)
 y - a wand of digging (19)
 B - a wand of acid (13)
Scrolls
 d - 3 scrolls of fear
 k - 3 scrolls of amnesia
 n - 4 scrolls of teleportation
 v - 2 scrolls of blinking
 L - 2 scrolls of fog
 M - 2 scrolls of magic mapping
 V - a scroll of holy word
 W - a scroll of enchant weapon
Potions
 e - 2 potions of ambrosia
 f - 6 potions of curing
 h - a potion of resistance
 j - 3 potions of haste
 m - a potion of magic
 o - a potion of berserk rage
 q - 6 potions of brilliance
 s - a potion of flight {unknown}
 z - 4 potions of attraction
 A - 2 potions of mutation
 C - 3 potions of degeneration
 F - 2 potions of might
 K - a potion of invisibility {unknown}
 N - 2 potions of lignification {unknown}
Miscellaneous
 U - a phantom mirror


   Skills:
 + Level 16.6 Fighting
 + Level 17.6 Axes
 + Level 10.4 Armour
 + Level 17.8 Shields
 - Level 10.0 Invocations
 - Level 10.0 Evocations


You had 15 spell levels left.
You didn't know any spells.
Your spell library contained the following spells:

 Spells                   Type           Power      Damage    Failure   Level
 Apportation              Tloc           0%         N/A       92%         1
 Shock                    Conj/Air       0%         1d3       92%         1
 Summon Small Mammal      Summ           0%         N/A       92%         1
 Blink                    Tloc           N/A        N/A       98%         2
 Call Canine Familiar     Summ           0%         N/A       100%        3
 Gell's Gravitas          Tloc           0%         N/A       100%        3
 Lesser Beckoning         Tloc           0%         N/A       100%        3
 Ozocubu's Armour         Ice            0%         N/A       100%        3
 Portal Projectile        Hex/Tloc       0%         N/A       100%        3
 Summon Guardian Golem    Hex/Summ       0%         N/A       100%        3
 Swiftness                Air            0%         N/A       100%        3
 Teleport Other           Tloc           0%         N/A       100%        3
 Airstrike                Air            0%         N/A       100%        4
 Animate Armour           Summ/Erth      0%         N/A       100%        4
 Animate Dead             Necr           0%         N/A       100%        4
 Alistair's Intoxication  Tmut/Pois      0%         N/A       100%        5
 Blade Hands              Tmut           0%         N/A       100%        5
 Excruciating Wounds      Necr           0%         N/A       100%        5
 Lee's Rapid Deconstruct  Erth           0%         3d5*      100%        5
 Manifold Assault         Tloc           0%         N/A       100%        5
 Metabolic Englaciation   Hex/Ice        0%         N/A       100%        5
 Invisibility             Hex            0%         N/A       100%        6
 Iron Shot                Conj/Erth      0%         9d1       100%        6
 Simulacrum               Ice/Necr       0%         N/A       100%        6
 Haunt                    Necr/Summ      0%         N/A       100%        7
 Storm Form               Tmut/Air       0%         N/A       100%        7
 Infestation              Necr           0%         N/A       100%        8


Dungeon Overview and Level Annotations

Branches:
Dungeon (12/15)            Temple (1/1) D:5            Lair (6/6) D:11
 Shoals (1/4) Lair:3       Spider (0/4) Lair:2        Slime (0/5) Lair:5
    Orc (2/2) D:12            Elf (0/3) Orc:2         Sewer (visited)
 Bailey (visited)

Altars:
Ashenzari
Cheibriados
Dithmenos
Elyvilon
Gozag
Hepliaklqana
Kikubaaqudgha
Nemelex Xobeh
Okawaru
Ru
Sif Muna
Trog
Vehumet
Wu Jian
Xom
Yredelemnul
Zin
Jiyva

Shops:
D:8 =   Orc:1 [   Orc:2 *[:(

Annotations:
D:2 need digging
Lair:3 3 runed translucent doors, Ceyvaan's ghost, journeyman DEFE
Shoals:1 Louise


Innate Abilities, Weirdness & Mutations

[Your spells are easier to cast, but less powerful.]


Message History

You start resting.
A tentacled starspawn is nearby!
You start resting.
A tentacled starspawn is nearby!
Tentacles burst from the starspawn's body! 2 starspawn tentacles come into view.
The starspawn tentacle barely misses you.
You block the starspawn tentacle's attack.
A small abomination comes into view.
Found a potion of might.
Found a short lead wand.
A large abomination comes into view.
You see here a wand of polymorph (15).
c - a wand of polymorph (15)
Found a gateway leading deeper into the Abyss.
A ynoxinul comes into view.
The neqoxec shouts!
A tentacle flies out from the starspawn's body!
A starspawn tentacle comes into view.
A starcursed mass comes into view.
Found 45 gold pieces.
A starcursed mass splits.
A starcursed mass splits. x2
The ynoxinul gestures.
A chorus of shrieks assaults your mind.
* * * LOW HITPOINT WARNING * * *
Tentacles burst from the starspawn's body!
A starcursed mass splits. x2 2 starspawn tentacles come into view.
A starcursed mass splits.
A raiju comes into view.
The raiju barks!
You block the starspawn tentacle's attack. x2 2 starspawn tentacle segments come into view.
A starcursed mass comes into view.
A starcursed mass splits.
A cacophony of accursed wailing tears at your sanity!
* * * LOW HITPOINT WARNING * * *
You suddenly lose the ability to move!
A starcursed mass splits.
A starcursed mass splits. x3
A cacophony of accursed wailing tears at your sanity!
You die...

....##......##.
................
.....................
............h..... ...
.XX.......E..........#
................. ..#
........w─...... #.##
#.@5.\.##...... ##.
..##w──.X\##.......#.
.....$..\..\..........#
.....XXX.\.x>.......#
...........X─5... ..##
.....X.XX.X3.....#.##
.....XX..X>..3......#
.......X....5........
.# ...##......##..
.......


You could see 13 starcursed masses, a tentacled starspawn, a large abomination,
a water elemental, a raiju, a neqoxec, a ynoxinul, a small abomination, 2
starspawn tentacles and 3 ufetubi.

Vanquished Creatures
  Gastronok (Orc:1)
  2 orc warlords (Orc:2)
  A frost giant (D:10)
  An ettin (D:10)
  2 boulder beetles
  Josephine (D:11)
  Erolcha (Orc:1)
  5 catoblepae
  11 hydras
  2 centaur warriors
  6 two-headed ogres
  22 death yaks
  3 orc high priests (Orc:2)
  Nergalle (D:11)
  Sonja (Lair:1)
  A sea snake (Shoals:1)
  2 deep elf pyromancers
  8 orc knights
  A lindwurm (Lair:4)
  An orb spider (Lair:2)
  7 orc sorcerers
  An oklob plant (Lair:5)
  17 elephants
  An ugly thing (D:10)
  2 cyclopes
  4 manticores
  Maurice (D:8)
  5 black mambas
  A gargoyle (D:12)
  3 smoke demons (Abyss:3)
  10 cane toads
  2 torpor snails
  An unseen horror (D:12)
  6 komodo dragons
  4 rime drakes
  Psyche (D:8)
  A kobold demonologist (Bailey)
  2 efreet (Abyss:3)
  An ancient zyme (Abyss:3)
  2 trolls
  3 polar bears
  A hornet (D:8)
  A slime creature (D:8)
  20 blink frogs
  Prince Ribbit (D:8)
  7 dream sheep (Lair:6)
  2 shadows
  7 basilisks
  81 yaks
  6 wraiths
  A large abomination (Abyss:3)
  6 wyverns
  A steam dragon (D:6)
  Grum (D:10)
  A warg (Orc:2)
  2 acid dragons
  10 water moccasins
  44 orc warriors
  A sky beast (D:6)
  3 black bears
  A starcursed mass (Abyss:3)
  4 ogres
  A boggart (D:10)
  3 necrophages (D:4)
  16 wolves
  3 centaurs
  2 phantoms
  2 kobold brigands
  Blork the orc (D:5)
  4 scorpions
  12 bullfrogs
  A wyvern zombie (D:8)
  3 troll zombies (D:12)
  A water moccasin skeleton (D:6)
  11 killer bees
  4 howler monkeys
  5 wights
  3 electric eels (Bailey)
  6 centaur zombies
  A hound (D:3)
  2 jellies
  2 gnoll shamans
  17 orc priests
  A centaur skeleton (D:6)
  An iron imp (Abyss:3)
  29 orc wizards
  A killer bee zombie (D:3)
  3 ogre zombies (D:12)
  A hound skeleton (D:5)
  3 howler monkey zombies
  23 gnolls
  12 adders
  3 white imps
  An ufetubus (D:7)
  A worm (D:6)
  A dart slug (D:3)
  87 orcs
  21 endoplasms
  16 giant cockroaches
  22 goblins
  15 hobgoblins
  3 jackals (D:1)
  12 quokkas
  21 ball pythons
  7 bats
  18 frilled lizards
  3 goblin zombies (D:12)
  A hobgoblin skeleton (D:12)
  3 hobgoblin zombies (D:12)
  13 kobolds
  4 orc skeletons (D:12)
  8 orc zombies (D:12)
  16 rats
799 creatures vanquished.

Vanquished Creatures (others)
  A shapeshifter (Abyss:3)
  4 orcs
  18 fungi
  28 plants
  4 starspawn tentacles (Abyss:3)
55 creatures vanquished.

Grand Total: 854 creatures vanquished

Notes
Turn   | Place    | Note
-------+----------+-------------------------------------------
     0 | D:1      | speeev33 the Hill Orc Fighter began the quest for the Orb.
     0 | D:1      | Reached XP level 1. HP: 19/19 MP: 1/1
   196 | D:1      | Reached XP level 2. HP: 15/27 MP: 2/2
   583 | D:1      | Reached XP level 3. HP: 33/33 MP: 3/3
  1274 | D:2      | Reached XP level 4. HP: 38/41 MP: 4/4
  1446 | D:2      | Found a faded altar of an unknown god.
  2374 | D:3      | Found a glowing silver altar of Zin.
  2376 | D:3      | Found a snail-covered altar of Cheibriados.
  2544 | D:3      | Reached XP level 5. HP: 42/47 MP: 5/5
  2661 | D:3      | Found a sparkling altar of Nemelex Xobeh.
  2852 | D:3      | Reached skill level 5 in Fighting
  3039 | D:3      | Found an ornate altar of the Wu Jian Council.
  3551 | D:4      | Reached skill level 5 in Axes
  3551 | D:4      | Reached skill level 5 in Shields
  3551 | D:4      | Reached XP level 6. HP: 47/56 MP: 6/6
  3552 | D:4      | Noticed a necrophage
  3560 | D:4      | Killed a necrophage
  3573 | D:4      | Noticed a necrophage
  3581 | D:4      | Killed a necrophage
  3582 | D:4      | Reached XP level 7. HP: 58/63 MP: 7/7
  3945 | D:4      | Found a shimmering altar of Xom.
  4220 | D:5      | Entered Level 5 of the Dungeon
  4829 | D:5      | Reached XP level 8. HP: 10/73 MP: 8/8
  5123 | D:5      | Found a staircase to the Ecumenical Temple.
  5124 | D:5      | Noticed Blork the orc
  5126 | D:5      | Noticed a two-headed ogre
  5132 | Temple   | Entered the Ecumenical Temple
  5141 | Temple   | Killed a two-headed ogre
  5476 | Temple   | Became a worshipper of Warmaster Okawaru
  5498 | D:5      | Reached XP level 9. HP: 69/82 MP: 9/9
  5512 | D:5      | Killed Blork the orc
  5991 | D:6      | Found a glowing drain.
  6001 | Sewer    | Entered a sewer
  6862 | D:6      | Reached * piety under Okawaru
  7384 | D:6      | Reached skill level 10 in Axes
  8408 | D:3      | Found a radiant altar of Vehumet.
  8913 | D:8      | Noticed Psyche
  8926 | D:8      | Killed Psyche
  8926 | D:8      | Reached ** piety under Okawaru
  8927 | D:8      | Reached skill level 10 in Fighting
  8927 | D:8      | Reached skill level 1 in Invocations
  8927 | D:8      | Reached skill level 1 in Evocations
  9055 | D:8      | Noticed a hornet
  9106 | D:8      | Killed a hornet
  9107 | D:8      | Reached XP level 10. HP: 74/93 MP: 9/11
  9210 | D:8      | Noticed a two-headed ogre
  9438 | D:8      | Killed a two-headed ogre
  9846 | D:8      | Noticed Maurice
  9945 | D:8      | Killed Maurice
  9945 | D:8      | Reached *** piety under Okawaru
 10134 | D:8      | Found Cadghufeuv's Jewellery Boutique.
 10156 | D:8      | Noticed Prince Ribbit
 10166 | D:8      | Killed Prince Ribbit
 10574 | D:8      | Identified the +2 long sword "Ituil" {freeze, rC+ Str-5
                  | Stlth+}
 10586 | D:8      | Identified a scroll of acquirement
 10586 | D:8      | Acquired a manual of Shields
 10784 | D:9      | Noticed a two-headed ogre
 10793 | D:9      | Killed a two-headed ogre
 10793 | D:9      | Reached **** piety under Okawaru
 10794 | D:9      | Reached skill level 10 in Shields
 10794 | D:9      | Reached skill level 5 in Invocations
 10797 | D:9      | Found a flagged portal.
 10807 | Bailey   | Entered a bailey
 11115 | Bailey   | Reached XP level 11. HP: 91/102 MP: 15/15
 11138 | Bailey   | Found an iron altar of Okawaru.
 11138 | Bailey   | Noticed an orc sorcerer
 11152 | Bailey   | Killed an orc sorcerer
 11255 | Bailey   | Got the Almanac of the Rocks and Transmigration
 11969 | Bailey   | Acquired 861 gold pieces
 12101 | Bailey   | Identified the +0 leather armour "Udecw" {rF+}
 12185 | D:9      | Reached skill level 5 in Evocations
 12383 | D:9      | Reached ***** piety under Okawaru
 12560 | D:9      | Noticed a two-headed ogre
 12569 | D:9      | Killed a two-headed ogre
 12973 | D:9      | Identified the +2 dagger of the Slime-mould {speed,
                  | *Corrode rN+ Int+5}
 13164 | D:10     | Entered Level 10 of the Dungeon
 13346 | D:10     | Noticed Grum
 13367 | D:10     | Killed Grum
 13691 | D:10     | Noticed a centaur warrior
 13691 | D:10     | Noticed a cyan ugly thing
 13691 | D:10     | Noticed a deep elf pyromancer
 13691 | D:10     | Noticed an orc knight
 13718 | D:10     | Killed a centaur warrior
 13720 | D:10     | Killed a cyan ugly thing
 13729 | D:10     | Killed an orc knight
 13730 | D:10     | Reached XP level 12. HP: 62/112 MP: 10/17
 13947 | D:10     | Noticed an ettin
 13948 | D:10     | Noticed a frost giant
 13963 | D:10     | Killed a frost giant
 13963 | D:10     | Killed an ettin
 13968 | D:10     | Identified the +8 trident "Qaepn" {antimagic, Drain rF+
                  | Str+5 Int-4 Dex+4}
 14962 | D:11     | Noticed a two-headed ogre
 14971 | D:11     | Killed a two-headed ogre
 15197 | D:11     | Noticed a six-headed hydra
 15206 | D:11     | Killed a six-headed hydra
 15206 | D:11     | Identified the +12 plate armour of Claustrophobia {Int+3}
                  | (Okawaru gifted it to you on level 11 of the Dungeon)
 15206 | D:11     | Received a gift from Okawaru
 15850 | D:11     | Found a staircase to the Lair.
 15957 | D:11     | Noticed Josephine
 15968 | D:11     | Killed Josephine
 16101 | D:11     | You fall into a shaft and drop 1 floor!
 16154 | D:11     | Noticed an eight-headed hydra
 16163 | D:11     | Killed an eight-headed hydra
 16296 | D:11     | Noticed a centaur warrior
 16302 | D:11     | Killed a centaur warrior
 16303 | D:11     | Reached XP level 13. HP: 122/122 MP: 20/20
 16309 | D:11     | Noticed Nergalle
 16317 | D:11     | Killed Nergalle
 16318 | D:11     | Reached skill level 10 in Invocations
 16556 | D:12     | Reached ****** piety under Okawaru
 16560 | D:12     | Received a gift from Okawaru
 16743 | D:12     | Found a staircase to the Orcish Mines.
 17234 | Lair:1   | Entered Level 1 of the Lair of Beasts
 18048 | Lair:1   | Noticed Sonja
 18055 | Lair:1   | Killed Sonja
 18594 | Lair:2   | Found a hole to the Spider Nest.
 18795 | Lair:2   | Received a gift from Okawaru
 18843 | Lair:2   | Reached skill level 15 in Shields
 19539 | Lair:2   | Received a gift from Okawaru
 19540 | Lair:2   | Reached XP level 14. HP: 132/132 MP: 21/21
 19745 | Lair:2   | Found a shadowy altar of Dithmenos.
 20144 | Lair:3   | Noticed Ceyvaan's ghost (journeyman DEFE)
 20278 | Lair:3   | Reached skill level 15 in Axes
 20288 | Lair:3   | Reached skill level 5 in Armour
 20549 | Lair:3   | Found a runed translucent gate.
 20550 | Lair:3   | Found a runed translucent gate.
 20551 | Lair:3   | Found a runed translucent gate.
 20777 | Lair:3   | Found a staircase to the Shoals.
 21716 | Lair:4   | Reached skill level 10 in Evocations
 22057 | Lair:4   | Identified the +3 scale mail of Ehuseputh {Rampage Fly rC+
                  | Dex+4} (Okawaru gifted it to you on level 4 of the Lair of
                  | Beasts)
 22057 | Lair:4   | Received a gift from Okawaru
 22537 | Lair:5   | Found a viscous altar of Jiyva.
 22662 | Lair:5   | Reached skill level 15 in Fighting
 22783 | Lair:5   | Reached XP level 15. HP: 141/141 MP: 22/22
 23128 | Lair:5   | Found a staircase to the Slime Pits.
 23202 | Lair:5   | Found a bloodstained altar of Trog.
 23447 | Lair:6   | Entered Level 6 of the Lair of Beasts
 24012 | Lair:6   | Identified the +5 battleaxe "Ox" {elec, +Rage Fly} (Okawaru
                  | gifted it to you on level 6 of the Lair of Beasts)
 24012 | Lair:6   | Received a gift from Okawaru
 24566 | Lair:6   | Received a gift from Okawaru
 24622 | Lair:6   | Identified the ring "Veshyixt" {rPois Str+3 Slay+4 Stlth-}
 25189 | Orc:1    | Entered Level 1 of the Orcish Mines
 25189 | Orc:1    | Noticed Erolcha
 25189 | Orc:1    | Found Doul Rargh's Armour Shoppe.
 25194 | Orc:1    | Killed Erolcha
 25243 | Orc:1    | Noticed Gastronok
 25255 | Orc:1    | Killed Gastronok
 25392 | Orc:2    | Entered Level 2 of the Orcish Mines
 25438 | Orc:1    | Noticed an orc warlord
 25513 | Orc:2    | Identified the +2 hat "Musme" {Str+7 Dex+6} (Okawaru gifted
                  | it to you on level 2 of the Orcish Mines)
 25513 | Orc:2    | Received a gift from Okawaru
 25644 | Orc:2    | Found a staircase to the Elven Halls.
 25750 | Orc:2    | Reached XP level 16. HP: 88/151 MP: 15/23
 25938 | Orc:2    | Reached skill level 10 in Armour
 26191 | Orc:2    | Found Xainwid's General Store.
 26192 | Orc:2    | Found Acsadgh's Book Shoppe.
 26194 | Orc:2    | Found Ygrim's Antique Armour Shoppe.
 26194 | Orc:2    | Found Move's Antique Weapon Emporium.
 27465 | Orc:2    | Bought a shiny kite shield for 217 gold pieces
 27734 | Shoals:1 | Entered Level 1 of the Shoals
 27762 | Shoals:1 | Noticed Louise
 27765 | Shoals:1 | Cast into level 3 of the Abyss (Louise)
 28009 | Abyss:3  | HP: 4/152 [rakshasa/lance of force (19)]
 28043 | Abyss:3  | Noticed a tentacled starspawn
 28090 | Abyss:3  | HP: 3/152 [starcursed mass/accursed screaming (19)]
 28090 | Abyss:3  | Paralysed by accursed screaming for 2 turns
 28091 | Abyss:3  | Killed from afar by a starcursed mass

Illustrated notes

Levels and vault maps discovered:
D:1:      grunt_arrival_crossed_arrows, layout_rooms, minmay_misc_feat_pillars,
          minmay_rat_gold_closets
D:2:      layout_basic, basic_ecumenical_altar, lightli_corner_chamber
D:3:      layout_loops_corners, nicolae_overflow_hidden_temple,
          nicolae_wu_jian_glorious_leap
D:4:      layout_basic, mainiacjoe_overflow_alcove_1
D:5:      layout_basic, minmay_temple_entry_mist, minmay_misc_feat_four_crosses,
          uniq_blork_the_orc
D:6:      layout_cave_pods, cheibrodos_sewer_entry_drain, nicolae_wand_duel
D:7:      layout_basic
D:8:      minmay_distorted_concentric_squares, layout_basic, serial_shops, shop,
          uniq_prince_ribbit1, uniq_maurice, uniq_psyche
D:9:      layout_loops_ring, enter_bailey_4
D:10:     minmay_shrinking_squares, layout_layer_cave, uniq_grum
D:11:     layout_roguey, erik_lair_dragon, uniq_nergalle, uniq_josephine
D:12:     layout_rooms, zombieorc1_lemuel
Temple:   regret_index_temple_sphere_string
Lair:1:   layout_gridlike, grunt_megastairs_2, uniq_sonja
Lair:2:   layout_cellular_growth, nicolae_spider_entry_orb_guardian,
          basic_altar, chequers_serial_rivers_micro_a,
          hangedman_lair_generics_rect, serial_bayou_shore_a, grunt_megastairs_1
Lair:3:   layout_misc_corridors, elwin_shoals_entry_rocks,
          maelrawn_ghost_gauntlet_escape, infiniplex_staircase_pool_2
Lair:4:   layout_cave_pods
Lair:5:   layout_long_grid, slime_altar_1, lemuel_oklob_altar
Lair:6:   evilmike_catoblepas_cave, layout_gridlike, grunt_megastairs_4
Shoals:1: layout_shoals, serial_shops, shop_statue, gammafunk_ghost_cemetery,
          uniq_louise
Orc:1:    layout_caves, serial_shops, shop, uniq_gastronok, uniq_erolcha
Orc:2:    st_orc_congregation, layout_diamond_mine
Abyss:3:  base: IceCv, evilmike_abyss_exit_kraken,
          hangedman_abyss_or_decor_passed, due_exit_kobolds,
          hangedman_abyss_river_spirits,
          due_evilmike_abyss_rune_seething_liches, bh_abyss_exit_choice,
          grunt_abyss_rune_wretched_hive, grunt_abyss_rune_wretched_hive,
          evilmike_abyss_exit_4, evilmike_abyss_exit_kraken,
          evilmike_abyss_exit_7, nicolae_abyss_rune_left_handed

Skill      XL: |  1  2  3  4  5  6  7  8  9 10 11 12 13 14 15 16 |
---------------+-------------------------------------------------+-----
Axes           | 3 4 5 7 8 10 11 12 13 14 16 17 | 17.6
Fighting       | 4 5 6 7 8 10 11 12 13 14 15 16 | 16.6
Shields        | 4 5 6 7 9 10 12 13 15 16 17 | 17.8
Invocations    | 2 5 7 9 10 | 10.0
Evocations     | 1 4 6 7 9 10 | 10.0
Armour         | 4 7 9 10 | 10.4

Action                   |  1- 3 |  4- 6 |  7- 9 | 10-12 | 13-15 | 16-18 || total
-------------------------+-------+-------+-------+-------+-------+-------++-------
Melee: War axe           |   123 |   124 |   331 |   429 |   892 |   173 ||  2072
       Flail             |       |       |       |    18 |    61 |       ||    79
Invok: Heroism           |       |       |     1 |     8 |     8 |     3 ||    20
       Finesse           |       |       |       |     2 |     2 |     1 ||     5
Evoke: Wand              |       |       |     7 |       |     2 |       ||     9
  Use: Scroll            |     2 |     6 |     7 |    10 |     6 |     1 ||    32
       Potion            |       |     1 |     2 |       |       |     2 ||     5
 Stab: Paralysed         |       |       |     8 |       |     1 |       ||     9
       Petrified         |       |       |       |       |     4 |       ||     4
Armor: Scale mail        |    84 |    37 |    54 |       |       |       ||   175
       Chain mail        |       |       |    29 |    78 |       |       ||   107
       Plate armour      |       |       |       |    73 |   443 |    50 ||   566
Dodge: Dodged            |    56 |    36 |    67 |    87 |   133 |    25 ||   404
Block: Kite shield       |    82 |    95 |   269 |   381 |   812 |   144 ||  1783
       Reflection        |       |     1 |     5 |    14 |     4 |     7 ||    31
